 Dungeon Crawl Stone Soup version 0.31-a0-321-g19405a7a6a (webtiles) character file.

Game seed: 5973057496958953357

34 BrainTurd the Covered (level 3, -7/32 HPs)
             Began as an Armataur Fighter on July 18, 2023.
             Mangled by Terence
             ... wielding a +0 flail
              (9 damage)
             ... on level 2 of the Dungeon.
             The game lasted 00:04:48 (1081 turns).

BrainTurd the Covered (Armataur Fighter)            Turns: 1081, Time: 00:04:49

Health: -7/32      AC:  8    Str: 23    XL:     3   Next: 14%
Magic:  3/3        EV:  6    Int:  8    God:
Gold:   47         SH:  8    Dex:  9    Spells: 2/2 levels left

rFire   . .          .
                       - Unarmed
rCold   . . .        e - +0 kite shield
rNeg    . . .        a - +0 scale mail
rPois   .            (no helmet)
rElec   .            (no cloak)
rCorr   .            f - +0 pair of gloves
SInv    .            (no barding)
Will    .....        (no amulet) Stlth
                     (no ring)
HPRegen 0.25/turn    (no ring)
MPRegen 0.08/turn

%: roll
@: no status effects
A: large, rugged brown scales 3, deformed body, armoured tail, roll, long
tongue, awkward tongue
a: no special abilities


You were on level 2 of the Dungeon.
You visited 1 branch of the dungeon, and saw 2 of its levels.

You collected 47 gold pieces.

Inventory:

Missiles
 i - 4 javelins (quivered)
 j - 2 throwing nets
Armour
 a - a +0 scale mail (worn)
 e - a +0 kite shield (worn)
 f - a +0 pair of gloves (worn)
Magical Staves
 k - a staff of fire
Scrolls
 b - 2 scrolls of teleportation {unknown}
 d - a scroll of blinking {unknown}
Potions
 c - a potion of might
 g - a potion of brilliance {unknown}
 h - 2 potions of attraction {unknown}


   Skills:
 - Level 2.6 Fighting
 + Level 4.0 Armour
 + Level 3.6 Shields
 * Level 2.8 Unarmed Combat


You had 2 spell levels left.
You didn't know any spells.
Your spell library contained the following spells:

 Spells                   Type           Power      Damage    Failure   Level
 Lesser Beckoning         Tloc           0%         N/A       98%         2
 Gell's Gravitas          Tloc           0%         N/A       100%        3
 Teleport Other           Tloc           0%         N/A       100%        3


Dungeon Overview and Level Annotations

Branches:
Dungeon (2/15)

Altars:

Shops:
D:1 :

Annotations:
D:2 Terence


Innate Abilities, Weirdness & Mutations

You are completely covered in rugged brown scales. (AC +3, +7% HP)
Armour fits poorly on your strangely shaped body.
You have a long armoured tail.
You roll when moving toward enemies. (Rampage)
Your long tongue fully drains potion bottles. (2x potion effects)
Your tongue gives you trouble enunciating. (1.5x scroll delay)


Message History

Throw: 5 javelins
Press: ? - help, Q - select action, (/) - cycle Shift-Dir - straight line, f - Terence
Aim: Terence, wielding a +0 flail and wearing a +0 scale mail (54% to hit)
You throw a javelin. The javelin pierces through Terence!
Terence is heavily wounded.
You roll towards Terence!
You barely miss Terence.
Terence is heavily wounded.
Terence hits you with a +0 flail.
You hit Terence.
You tail-slap Terence, but do no damage.
Terence is severely wounded.
You block Terence's attack.
You hit Terence.
Terence is almost dead.
You block Terence's attack.
You hit Terence but do no damage.
Terence is almost dead.
Terence hits you with a +0 flail!
You barely miss Terence.
Terence is almost dead.
Terence hits you with a +0 flail.
You hit Terence but do no damage.
Terence is almost dead.
Terence barely misses you.
You closely miss Terence.
Your tail-slap misses Terence.
Terence is almost dead.
Terence barely misses you.
You hit Terence but do no damage.
Terence is almost dead.
Terence hits you with a +0 flail.
You hit Terence but do no damage.
Terence is almost dead.
Terence hits you with a +0 flail!
* * * LOW HITPOINT WARNING * * *
You hit Terence.
Your tail-slap misses Terence.
Terence is almost dead.
Terence hits you with a +0 flail!
* * * LOW HITPOINT WARNING * * *
Terence hits you with a +0 flail!
You die...

####### #...... #.##### #.# #
#################.# # #
#(...@@...........# # #
##########'####################
###.[.........# #......
..'...........# #.#####
###...........####### #.#
#.....#+##...@......# #.#
#.....#.##..........# #.#
.<....#.##..........# #.#####
......+.....>....>... #......


You could see Terence.

Vanquished Creatures
  A bat (D:2)
  4 endoplasms
  A giant cockroach (D:1)
  4 goblins (D:1)
  4 hobgoblins (D:1)
  A quokka (D:2)
  4 ball pythons (D:1)
  3 frilled lizards
  4 kobolds
  2 rats (D:1)
28 creatures vanquished.

Notes
Turn   | Place    | Note
-------+----------+-------------------------------------------
     0 | D:1      | BrainTurd the Armataur Fighter began the quest for the Orb.
     0 | D:1      | Reached XP level 1. HP: 19/19 MP: 1/1
   224 | D:1      | Reached XP level 2. HP: 26/26 MP: 2/2
   516 | D:1      | Found Yrir's Vocational Training.
   735 | D:2      | Noticed Terence
   815 | D:2      | Reached XP level 3. HP: 32/32 MP: 3/3
   823 | D:2      | Reached skill level 4 in Armour
  1081 | D:2      | Mangled by Terence

Illustrated notes

Levels and vault maps discovered:
D:1:      sevenhm_arrival_forest_fort_small_5, layout_loops_ring,
          grunt_decor_resistance, nicolae_shop_vocational
D:2:      layout_basic, uniq_terence

Skill      XL: |  1  2  3 |
---------------+----------+-----
Unarmed Combat | 2 |  2.8
Armour         | 4 |  4.0
Fighting       | |  2.6
Shields        | |  3.6

Action                     || total
---------------------------++-------
  Melee: Unarmed           ||    78
         Tailslap          ||     9
  Throw: Javelin           ||     4
 Armour: Scale mail        ||    26
  Dodge: Dodged            ||    15
  Block: Buckler           ||     1
         Kite shield       ||    20

Table legend: (Time is in decaauts)
 A = Elapsed time spent in this place.
 B = Non-inter-level travel time spent in this place.
 C = Inter-level travel time spent in this place.
 D = Time resting spent in this place.
 E = Time spent auto-exploring this place.
 F = Levels seen in this place.
 G = Mean time per level.
                   A        B        C        D        E       F      G
               +--------+--------+--------+--------+--------+-----+--------+
         Total |   1088 |    999 |     89 |      0 |    759 |   2 |  544.0 |
       Dungeon |   1088 |    999 |     89 |      0 |    759 |   2 |  544.0 |
               +--------+--------+--------+--------+--------+-----+--------+

Top non-repeatable levels by time:
     D:1: 812 daAuts
     D:2: 275 daAuts
